Map: [ESL] Hard Lead

Players

YoungYakov

  • Race: Zerg Zerg
  • Spawn Location: 5:00

Harstem - Winner!

  • Race: Protoss Protoss
  • Spawn Location: 11:00

Event: ESL SC2 Masters 2023 Winter (Regional)

VOD

Have the link to the VOD?

Description

Time

  • Played on: Nov. 5, 2023, 8:19 a.m.
  • Length: 15:32

All games in this series

Show
View Real Time Build Order
Export as new Build Order

YoungYakov Zerg 

Build Orders: Hatch First, Lurkers 

Get SALT Encoding   

  12  0:00  Drone  
  13  0:08  Drone  
  14  0:14  Extractor  
  14  0:15  Drone  
  15  0:36  Hatchery  
  15  0:41  Extractor  
  15  0:42  Drone  
  15  0:47  Overlord  
  15  1:03  Spawning Pool  
  14  1:06  Drone  
  14  1:10  Drone  
  16  1:15  Drone  
  17  1:19  Drone  
  18  1:28  Extractor  
  18  1:29  Drone  
  18  1:42  Drone  
  19  1:49  Drone  
  19  1:50  Drone  
  19  1:51  Queen  
  23  1:54  Queen  
  23  2:01  Overlord  
  25  2:03  Drone  
  26  2:11  Drone x2  
  28  2:23  Drone x2  
  28  2:27  Queen  
  32  2:31  Queen  
  32  2:35  Metabolic Boost  
  34  2:41  Overlord  
  34  2:43  Zergling x2  
  35  2:46  Zergling x2  
  36  2:52  Overlord  
  36  3:00  Drone x4  
  36  3:05  Drone x2  
  42  3:11  Lair  
  42  3:16  Zergling x4  
  42  3:19  Drone  
  45  3:21  Drone x2  
  45  3:24  Zergling x2  
  48  3:35  Extractor  
  48  3:37  Hatchery  
  48  3:40  Drone x3  
  49  3:44  Drone  
  52  3:48  Drone x2  
  52  3:50  Extractor, Overlord  
  51  3:58  Overlord  
  51  3:59  Drone  
  51  4:02  Spore Crawler  
  51  4:03  Spore Crawler  
  51  4:07  Drone x2  
  52  4:10  Hydralisk Den  
  52  4:11  Drone x2  
  52  4:14  Drone  
  54  4:17  Drone x2  
  54  4:21  Drone x2  
  58  4:27  Queen  
  60  4:35  Drone  
  60  4:36  Overlord  
  61  4:42  Muscular Augments  
  60  4:46  Hydralisk x3  
  66  4:54  Drone  
  66  4:55  Drone x5  
  66  4:59  Hydralisk  
  72  5:03  Overlord  
  74  5:10  Evolution Chamber  
  74  5:11  Overlord  
  74  5:14  Spore Crawler  
  71  5:21  Spore Crawler  
  71  5:25  Drone x8  
  77  5:30  Drone x6  
  77  5:33  Drone  
  82  5:36  Zerg Missile Weapons Level 1  
  82  5:40  Overlord  
  82  5:43  Zergling x8  
  82  5:46  Grooved Spines  
  82  5:48  Hydralisk  
  82  5:49  Zergling x2  
  87  5:51  Overlord  
  87  5:54  Extractor  
  87  5:55  Extractor, Overlord  
  85  5:59  Zergling x6  
  88  6:05  Infestation Pit, Hydralisk x2  
  91  6:12  Drone x3  
  91  6:14  Drone  
  91  6:15  Drone x2  
  97  6:18  Hydralisk  
  97  6:19  Hydralisk x2  
  97  6:22  Drone x2  
  103  6:27  Hydralisk  
  103  6:28  Hydralisk  
  103  6:30  Hydralisk, Extractor  
  108  6:37  Hatchery  
  107  6:42  Hive  
  107  6:47  Lurker Den  
  107  6:48  Zergling x6  
  107  6:51  Overlord  
  109  6:55  Zergling x8  
  110  7:09  Drone  
  110  7:10  Drone x3, Extractor  
  110  7:11  Drone x6  
  110  7:14  Drone  
  110  7:15  Drone x2  
  122  7:21  Overlord x2  
  121  7:23  Overlord  
  121  7:26  Overlord x2  
  116  7:32  Spore Crawler, Zerg Missile Weapons Level 2  
  116  7:35  Hydralisk x3  
  121  7:37  Evolution Chamber  
  120  7:44  Lurker x5  
  120  7:47  Hydralisk x3  
  131  7:51  Drone x4  
  131  7:57  Drone x4  
  131  7:58  Drone, Extractor  
  139  8:00  Extractor  
  137  8:06  Drone x6  
  137  8:08  Zerg Melee Weapons Level 1  
  137  8:11  Zergling x2  
  137  8:12  Zergling x4  
  141  8:17  Viper  
  141  8:18  Viper  
  144  8:23  Zergling x12  
  150  8:27  Spine Crawler  
  150  8:29  Hydralisk  
  150  8:30  Hydralisk x3  
  157  8:37  Lurker  
  157  8:39  Queen  
  160  8:42  Overlord  
  160  8:48  Viper  
  160  8:50  Zergling x10  
  160  8:52  Adrenal Glands  
  168  8:58  Hatchery  
  168  9:00  Spine Crawler  
  168  9:01  Spine Crawler  
  165  9:07  Lurker  
  165  9:08  Lurker, Baneling Nest  
  165  9:14  Hatchery  
  162  9:32  Zergling x12, Overlord  
  162  9:33  Lurker x6, Overlord  
  162  9:37  Zergling x2  
  174  9:46  Overlord  
  174  9:47  Overlord  
  174  9:49  Zerg Missile Weapons Level 3  
  169  9:54  Adaptive Talons  
  169  9:57  Pneumatized Carapace, Hatchery  
  169  9:58  Centrifugal Hooks  
  169  9:59  Drone  
  165  10:00  Drone x5  
  165  10:02  Spine Crawler  
  165  10:04  Spine Crawler  
  165  10:05  Zergling x20  
  165  10:06  Zergling x2  
  177  10:15  Overseer  
  177  10:16  Overseer  
  177  10:20  Hydralisk x6  
  188  10:27  Zergling x16  
  196  10:38  Drone x4  
  200  10:46  Extractor  
  200  10:48  Extractor  
  196  11:14  Zergling x18  
  189  11:22  Hydralisk x7  
  189  11:23  Hydralisk  
  189  11:28  Drone x3  
  181  11:39  Spine Crawler  
  179  11:40  Spine Crawler x2  
  179  11:41  Spine Crawler  
  179  11:42  Zerg Melee Weapons Level 2  
  179  11:44  Hydralisk x5  
  180  12:09  Zergling x20  
  189  12:19  Baneling x10  
  189  12:21  Zergling x8  
  189  12:22  Zergling x4  
  195  12:25  Spine Crawler x2  
  195  12:26  Spore Crawler, Spine Crawler  
  172  12:34  Zergling x20  
  180  12:42  Drone x3  
  180  12:43  Drone x2  
  182  12:45  Drone x3  
  182  12:46  Spire  
  183  12:57  Hydralisk x6  
  179  13:03  Drone x5  
  179  13:04  Drone  
  170  13:19  Burrow, Neural Parasite  
  164  13:20  Zerg Ground Armor Level 1  
  159  13:34  Hydralisk x12  
  172  13:43  Hydralisk x7  
  178  13:53  Lurker  
  179  14:00  Drone x10  
  179  14:01  Spine Crawler  
  179  14:02  Spine Crawler  
  183  14:04  Drone  
  183  14:05  Drone  
  183  14:09  Drone x3  
  188  14:13  Hatchery  
  187  14:18  Zergling x12  
  193  14:30  Overseer  
  182  14:40  Nydus Network  
  182  14:43  Nydus Network  
  180  14:55  Lurker x7  
  167  15:12  Zergling x8  
  167  15:13  Zergling x24  
Show
View Real Time Build Order
Export as new Build Order

Harstem Protoss - Winner!

Build Orders: 1 Gate Expand, Oracle Opening 

Get SALT Encoding   

  12  0:00  Probe  
  13  0:12  Probe  
  14  0:18  Pylon  
  14  0:24  Probe  
  15  0:36  Probe (Chrono Boost)  
  15  0:40  Gateway  
  16  0:47  Probe (Chrono Boost)  
  17  0:51  Assimilator  
  17  0:52  Probe (Chrono Boost)  
  18  1:03  Probe  
  19  1:15  Probe  
  20  1:26  Nexus  
  20  1:38  Cybernetics Core  
  20  1:40  Probe  
  21  1:47  Assimilator  
  21  1:52  Probe  
  22  1:56  Pylon  
  22  2:04  Probe  
  23  2:12  Probe, Adept (Chrono Boost)  
  25  2:20  Stargate, Probe  
  26  2:29  Warp Gate  
  27  2:33  Probe (Chrono Boost)  
  27  2:34  Adept  
  30  2:38  Probe (Chrono Boost)  
  32  2:48  Probe x2 (Chrono Boost)  
  33  2:53  Probe (Chrono Boost)  
  33  2:55  Probe  
  35  3:01  Oracle (Chrono Boost)  
  35  3:04  Probe  
  39  3:07  Probe, Adept  
  42  3:15  Pylon  
  42  3:17  Probe  
  42  3:19  Probe  
  44  3:22  Gateway  
  44  3:29  Probe  
  44  3:31  Probe  
  46  3:34  Oracle  
  46  3:41  Probe  
  50  3:43  Probe  
  51  3:55  Nexus, Probe  
  52  3:57  Probe  
  52  4:00  Pylon  
  53  4:04  Assimilator  
  53  4:06  Assimilator  
  53  4:07  Probe  
  54  4:16  Oracle (Chrono Boost), Pylon  
  54  4:18  Probe  
  54  4:19  Probe  
  59  4:27  Twilight Council  
  59  4:33  Gateway  
  59  4:35  Gateway, Probe  
  61  4:38  Stalker  
  61  4:39  Stalker  
  61  4:42  Probe  
  65  4:47  Probe  
  65  4:49  Shield Battery  
  65  4:50  Shield Battery  
  66  4:54  Pylon  
  66  4:56  Blink (Chrono Boost)  
  67  5:03  Shield Battery  
  66  5:07  Stalker  
  66  5:09  Stalker  
  66  5:10  Probe  
  66  5:11  Probe  
  66  5:13  Probe  
  73  5:22  Probe  
  73  5:26  Probe  
  75  5:34  Stalker x2, Probe  
  75  5:35  Stalker x2  
  85  5:39  Probe, Forge  
  85  5:40  Probe  
  86  5:44  Pylon  
  86  5:47  Probe  
  86  5:49  Robotics Facility  
  87  5:52  Probe  
  89  5:57  Pylon  
  89  5:59  Probe  
  89  6:00  Stalker x2  
  89  6:02  Probe  
  94  6:05  Probe  
  94  6:06  Stalker  
  94  6:07  Sentry  
  99  6:11  Probe  
  99  6:13  Assimilator  
  99  6:14  Protoss Ground Weapons Level 1, Probe  
  99  6:16  Assimilator  
  101  6:22  Probe  
  101  6:24  Probe  
  103  6:26  Probe  
  103  6:30  Pylon  
  103  6:31  Stalker x2  
  108  6:34  Probe  
  108  6:36  Robotics Bay  
  108  6:37  Robotics Facility  
  109  6:48  Observer (Chrono Boost), Probe x2  
  109  6:50  Nexus  
  109  6:52  Pylon  
  112  6:55  Pylon  
  112  6:59  Probe  
  113  7:02  Charge  
  113  7:09  Probe  
  113  7:15  Gateway  
  114  7:16  Colossus (Chrono Boost)  
  114  7:17  Gateway  
  114  7:19  Probe  
  114  7:22  Sentry, Probe  
  118  7:24  Gateway  
  118  7:25  Gateway  
  118  7:26  Colossus (Chrono Boost)  
  126  7:31  Stalker x2  
  126  7:35  Shield Battery  
  126  7:36  Probe  
  131  7:37  Extended Thermal Lance (Chrono Boost)  
  131  7:38  Probe x2  
  133  7:46  Photon Cannon  
  133  7:53  Photon Cannon  
  133  8:01  Probe  
  133  8:05  Probe  
  141  8:07  Templar Archives  
  141  8:09  Gateway  
  141  8:12  Gateway  
  141  8:13  Stalker, Colossus (Chrono Boost)  
  141  8:14  Stalker x2  
  141  8:19  Probe  
  148  8:20  Assimilator  
  148  8:22  Pylon  
  148  8:23  Assimilator  
  148  8:25  Pylon  
  148  8:26  Protoss Ground Weapons Level 2 (Chrono Boost)  
  148  8:37  Disruptor (Chrono Boost), Psionic Storm  
  148  8:40  Probe  
  153  8:42  Probe  
  153  8:45  Probe  
  153  8:47  Pylon  
  155  8:49  High Templar  
  155  8:51  Pylon  
  155  8:52  Probe x2, Forge  
  159  9:00  Zealot x2  
  163  9:08  Nexus  
  163  9:15  Zealot x7  
  173  9:18  Pylon x2  
  173  9:20  Protoss Shields Level 1 (Chrono Boost)  
  173  9:22  High Templar  
  179  9:28  Disruptor (Chrono Boost)  
  179  9:32  Disruptor (Chrono Boost)  
  179  9:35  Pylon, Probe  
  179  9:38  Pylon  
  180  9:41  Fleet Beacon  
  180  9:44  Zealot x4  
  180  9:45  Oracle (Chrono Boost)  
  176  9:52  Gravitic Drive  
  170  9:54  High Templar x2  
  162  10:01  Zealot x4  
  178  10:17  Probe  
  178  10:18  High Templar, Photon Cannon  
  178  10:20  Photon Cannon  
  181  10:22  Photon Cannon  
  181  10:28  Zealot x6  
  179  10:30  Immortal x2 (Chrono Boost)  
  189  10:37  Protoss Ground Weapons Level 3 (Chrono Boost)  
  187  10:51  Zealot x6  
  187  10:55  Shield Battery  
  199  11:10  Immortal (Chrono Boost), Probe  
  194  11:13  Robotics Facility  
  194  11:15  Robotics Facility  
  172  11:20  Zealot x9  
  178  11:27  Warp Prism (Chrono Boost)  
  176  11:44  High Templar x3  
  176  11:46  Mothership (Chrono Boost)  
  182  11:48  Stargate  
  182  12:00  Immortal x2  
  188  12:04  Photon Cannon x2  
  188  12:05  Zealot x3  
  194  12:08  Assimilator  
  194  12:09  Zealot x3  
  194  12:11  Assimilator  
  194  12:29  High Templar x2  
  192  12:33  Protoss Shields Level 2 (Chrono Boost)  
  192  12:34  Probe  
  192  12:39  Probe  
  192  12:40  High Templar  
  192  12:41  Photon Cannon  
  184  12:45  Photon Cannon  
  184  12:46  Zealot x7  
  198  12:59  Immortal (Chrono Boost)  
  178  13:06  Zealot x3  
  178  13:07  Zealot  
  178  13:09  Immortal (Chrono Boost)  
  184  13:19  Zealot x5  
  192  13:23  Zealot  
  196  13:37  Zealot x4  
  196  13:38  Immortal (Chrono Boost)  
  182  13:41  Zealot  
  182  13:42  Zealot x2  
  182  13:45  Immortal (Chrono Boost)  
  180  13:50  Zealot x3  
  184  14:00  Photon Cannon, Probe  
  179  14:10  Warp Prism  
  179  14:11  High Templar x4  
  179  14:12  High Templar x2  
  179  14:13  High Templar x2  
  197  14:19  Archon x3  
  197  14:21  Observer  
  198  14:26  Archon  
  198  14:29  Zealot x2  
  196  14:46  Probe  
  196  14:50  Stargate  
  195  15:13  Zealot x4  
  195  15:14  Zealot x6  
Tags
 
Add a new tag
Caveats
  • Supply blocks, unpowered buildings, or Contaminate may cause inaccurate times.
  • Supply counts are checked every 10 seconds.